 Dungeon Crawl Stone Soup version 0.20.1-1-g8b1a95d (webtiles) character file.

202 raph the Chopper (level 5, 0/45 HPs)
             Began as a Hill Orc Fighter on Sept 28, 2017.
             Slain by an iguana (3 damage)
             ... on level 4 of the Dungeon.
             The game lasted 00:04:28 (2910 turns).

raph the Chopper (Hill Orc Fighter)                 Turns: 2910, Time: 00:04:30

Health: 0/45       AC: 12    Str: 19    XL:     5   Next: 80%
Magic:  5/5        EV:  5    Int: 13    God:
Gold:   201        SH:  0    Dex: 11    Spells: 4/4 levels left

rFire    + . .     SeeInvis .   a - +0 war axe
rCold    x . .     Gourm    .   (no shield)
rNeg     . . .     Faith    .   i - +0 plate armour (curse)
rPois    .         Spirit   .   (no helmet)
rElec    .         Reflect  .   e - +0 cloak
rCorr    .         Harm     .   (no gloves)
MR       .....                  (no boots)
Stlth    ..........             (no amulet)
Regen    0.2/turn               m - +5 ring of intelligence
MPRegen  0.1/turn               s - ring of fire

@: no status effects
A: no striking features
a: no special abilities


You were on level 4 of the Dungeon.
You were not hungry.

You visited 1 branch of the dungeon, and saw 4 of its levels.

You collected 201 gold pieces.

Inventory:

Hand Weapons
 a - a +0 war axe (weapon)
Armour
 b - a +0 scale mail
 c - a +0 shield
 e - a +0 cloak (worn)
 i - a cursed +0 plate armour (worn)
Jewellery
 m - a +5 ring of intelligence (left hand)
 s - a ring of fire (right hand)
 y - an uncursed amulet of regeneration {unknown}
Scrolls
 j - 8 scrolls of identify {unknown}
 n - a scroll of immolation {unknown}
 q - a scroll of enchant armour {unknown}
 t - 3 scrolls of random uselessness {unknown}
 w - a scroll of remove curse {unknown}
Potions
 d - 2 potions of might
 g - 2 potions of curing {unknown}
 k - a potion of heal wounds {unknown}
 o - a potion of agility {unknown}
 p - 3 potions of flight {unknown}
 v - a potion of degeneration {unknown}
 x - a potion of magic {unknown}
Comestibles
 f - 2 bread rations
 h - 2 royal jellies
 l - a meat ration
 r - 3 chunks of flesh
 u - 3 fruits


   Skills:
 - Level 3.6 Fighting
 * Level 7.7 Axes
 - Level 3.2 Armour
 - Level 3.2 Shields


You had 4 spell levels left.
You didn't know any spells.

Dungeon Overview and Level Annotations

Branches:
Dungeon (4/15)             Temple (0/1) D:4

Altars:
Elyvilon


Message History

The orc wizard points at you and mumbles some strange words.
The puff of frost hits you!
The orc wizard hits you but does no damage.
The iguana completely misses you.
The orc wizard hits you but does no damage.
You slash the orc wizard!
You kill the orc wizard!
You miss the orc wizard. You hit the iguana but do no damage.
The orc wizard hits you but does no damage.
The iguana bites you!
* * * LOW HITPOINT WARNING * * *
The orc wizard hits you but does no damage.
Your plate armour prevents you from hitting the iguana.
The iguana is heavily wounded.
You barely miss the orc wizard. The orc wizard casts a spell at you.
The magic dart hits you!
* * * LOW HITPOINT WARNING * * *
The iguana bites you.
You die...

'........ ....⌠...
#........ ......._
#.....#####...⌠..
###+###.........
............#.#.#
................
............##+#####+##.
.............$..o.......
.......###+#....@l.[....
.......# #...)))......
.......# #............
.......# #............
.......# #...>........
.......# #######....##
.......+ ....# .......#
....# ...#


You could see an iguana and an orc wizard.

Vanquished Creatures
  An orc wizard (D:4)
  Natasha (thrice) (D:2)
  3 adders
  A worm (D:2)
  3 dart slugs
  2 leopard geckos
  9 orcs
  A ball python (D:1)
  A giant cockroach (D:3)
  5 goblins
  5 hobgoblins
  A quokka (D:3)
  4 bats
  5 frilled lizards
  7 kobolds
  8 rats
59 creatures vanquished.

Notes
Turn   | Place    | Note
-------+----------+-------------------------------------------
     0 | D:1      | raph the Hill Orc Fighter began the quest for the Orb.
     0 | D:1      | Reached XP level 1. HP: 19/19 MP: 1/1
   118 | D:1      | Reached skill level 3 in Axes
   424 | D:1      | Reached XP level 2. HP: 26/26 MP: 2/2
  1053 | D:1      | Reached skill level 4 in Axes
  1337 | D:2      | Noticed Natasha
  1347 | D:2      | Killed Natasha
  1347 | D:2      | Reached skill level 5 in Axes
  1347 | D:2      | Reached XP level 3. HP: 7/31 MP: 3/3
  1657 | D:2      | Reached XP level 4. HP: 39/39 MP: 4/4
  1686 | D:2      | Noticed Natasha
  1692 | D:2      | Killed Natasha
  1692 | D:2      | Reached skill level 6 in Axes
  2054 | D:2      | Noticed Natasha
  2056 | D:2      | Killed Natasha
  2056 | D:2      | Reached XP level 5. HP: 42/45 MP: 5/5
  2465 | D:3      | Reached skill level 7 in Axes
  2709 | D:4      | Found a staircase to the Ecumenical Temple.
  2888 | D:4      | Found a white marble altar of Elyvilon.
  2910 | D:4      | Slain by an iguana

Skill      XL: |  1  2  3  4  5 |
---------------+----------------+-----
Axes           | 3 5 6 7 |  7.7
Fighting       | |  3.6
Armour         | |  3.2
Shields        | |  3.2

Action                   |  1- 3 |  4- 6 || total
-------------------------+-------+-------++-------
Melee: War axe           |    89 |    88 ||   177
  Use: Potion            |     1 |       ||     1
  Eat: Chunk             |     2 |     4 ||     6
Armor: Scale mail        |     4 |       ||     4
       Plate armour      |    63 |    91 ||   154
Dodge: Dodged            |    35 |    26 ||    61
